 Dungeon Crawl Stone Soup version 0.14-a0-1168-gf5005bf (webtiles) character file.

105 Mitsuki the Ruffian (level 3, -2/30 HPs)
             Began as a Ghoul Gladiator on Nov 29, 2013.
             Slain by a quokka (3 damage)
             ... on Level 2 of the Dungeon.
             The game lasted 00:20:56 (1203 turns).

Mitsuki the Ruffian (Ghoul Gladiator)               Turns: 1203, Time: 00:20:56

HP  -2/30        AC  3     Str 22      XL: 3   Next: 95%
MP   2/2         EV 12     Int -1 (3)  God:
Gold 49          SH  0     Dex  9      Spells:  0 memorised,  2 levels left

rFire  . . .     SeeInvis .     t - -3,-2 sling (curse)
rCold  + . .     Clarity  .     (no armour)
rNeg   + + +     Conserve .     (no shield)
rPois  +         rCorr    .     c - +0 helmet
rElec  .         rRot     +     (no cloak)
SustAb . .       Spirit   .     (no gloves)
rMut   .         Warding  .     (no boots)
Saprov + + +     Stasis   .     (no amulet)
                                m - +3 ring of strength
                                f - +2 ring of protection

@: lost intelligence, rotting, very slow, not resistant to hostile enchantments,
unstealthy
A: rotting body, claws 1, carnivore 3, cold resistance 1, life protection 3,
poison resistance, saprovore 3, slow healing 1, torment resistance, unbreathing
a: no special abilities


You were on level 2 of the Dungeon.
You were not hungry.

You visited 1 branch of the dungeon, and saw 2 of its levels.

You collected 49 gold pieces.

Inventory:

Hand weapons
 o - a +0,+0 sling
 s - a +0,+1 orcish sabre
 t - a cursed -3,-2 sling (weapon)
Missiles
 a - 15 sling bullets (quivered)
 d - 2 throwing nets
Armour
 c - a +0 helmet (worn)
 k - a +0 ring mail
Comestibles
 q - a chunk of rat flesh
 r - a chunk of adder flesh
 w - a meat ration
Scrolls
 p - 2 scrolls of identify {unknown}
Jewellery
 f - a +2 ring of protection (left claw)
 m - a +3 ring of strength (right claw)
Potions
 e - a potion of curing
 h - a potion of heal wounds


   Skills:
 + Level 2.5 Fighting
 + Level 1.0 Slings
 + Level 2.0 Throwing
 + Level 0.6 Armour
 + Level 3.1 Dodging
 + Level 0.2 Stealth
 + Level 4.0 Unarmed Combat


You had 2 spell levels left.
You didn't know any spells.

Dungeon Overview and Level Annotations

Branches:
Dungeon (2/16)

Altars:


Innate Abilities, Weirdness & Mutations

Your body is rotting away.
You have sharp fingernails.
You are carnivorous and can eat meat at any time.
Your flesh is cold resistant.
You are immune to negative energy.
Your system is resistant to poisons.
You thrive on rotten meat.
You heal slowly when monsters are visible.
You are immune to unholy pain and torment.
You can survive without breathing.


Message History

The quokka bites you.
The quokka bites you but does no damage.
The quokka closely misses you.
Your magical contamination has completely faded away.
You clumsily bash the quokka but do no damage.
The quokka is lightly wounded.
The quokka bites you.
* * * LOW HITPOINT WARNING * * *
You barely miss the quokka.
The quokka is lightly wounded.
The quokka barely misses you. The quokka bites you.
* * * LOW HITPOINT WARNING * * *
The quokka bites you.
* * * LOW HITPOINT WARNING * * *
You clumsily bash the quokka but do no damage.
The quokka is lightly wounded.
The quokka misses you. The quokka bites you.
* * * LOW HITPOINT WARNING * * *
The quokka bites you.
You die...

####.. ######### ####.....#
###.......# #......###
..........# #@.........
###.......######r......##
###.......##...........#
#<........#...#.......... # .
###########.....##...#### .#..
.%...(.................. ...$.
#########%#....#.#.#.###§..##.#
#.....<...........§§......
#.......###.###§.#§##.####


You could see a quokka.

Vanquished Creatures
  3 adders (D:2)
  2 giant geckos (D:1)
  An ooze (D:1)
  A ball python (D:1)
  3 giant cockroaches
  2 hobgoblins (D:1)
  2 bats (D:1)
  A giant newt (D:1)
  4 goblins
  2 kobolds (D:1)
  6 rats
27 creatures vanquished.

Notes
Turn   | Place    | Note
--------------------------------------------------------------
     0 | D:1      | Mitsuki, the Ghoul Gladiator, began the quest for the Orb.
     0 | D:1      | Reached XP level 1. HP: 18/18 MP: 0/0
   360 | D:1      | Reached XP level 2. HP: 23/25 MP: 1/1
   981 | D:1      | Reached XP level 3. HP: 28/30 MP: 2/2
  1135 | D:2      | Reached skill level 1 in Slings
  1142 | D:2      | Reached skill level 4 in Unarmed Combat
  1177 | D:2      | Lost intelligence.
  1203 | D:2      | HP: 1/30 [quokka (3)]
  1203 | D:2      | Slain by a quokka

Action                   || total
-------------------------++-------
Melee: Unarmed           ||    48
       Sling             ||     9
 Fire: Sling             ||    23
Throw: Throwing net      ||     5
  Use: Potion            ||     5
       Scroll            ||     4
 Stab: Sleeping          ||     1
